AoeStats
← SillyOleMe

Arabia

507840495Analyzed
2v2 RM · 13d ago on Sep 19, 2026· 17m 13s· 4 players
Game mode
Random Map
Map size
Medium (4 player)
Population
200
Speed
Normal
Resources
Standard
Victory
Conquest
Starting age
Dark Age
Ending age
Imperial Age
RankedLock teamsTeams togetherTeam positionsShared explorationLock speedFull tech treeHidden civsTurbo modeCheats
Victory
Defeat
🇺🇸 Mongols · United States
1001
+15
🇺🇸 Britons · United States
948
+17
🇪🇸 Britons · Spain
987
-16
🇪🇸 Koreans · Spain
965
-16
ulmerb
9:45 Feudal Age
10:14 Double-Bit Axe
13:57 Fletching
SillyOleMe
12:49 Feudal Age
11:04 Loom
17:20 Castle Age
15:47 Double-Bit Axe
15:47 Horse Collar
Wylly
3:44 Loom
11:43 Feudal Age
12:33 Double-Bit Axe
💢Lalo💢
11:34 Feudal Age
11:51 Loom
12:48 Double-Bit Axe
16:52 Wheelbarrow
17:10 Loom
Connection lost

Rejoining the realm…

Still unreachable

The connection could not be restored.

Session expired

The server has moved on; the page needs a fresh start.